Connexion

Devils vs Sound Tigers

Created - 13 août 2023 at 05:54

Goals
1 2 3 T
Devils 2 0 0 2
Sound Tigers 0 2 2 4
Shots
1 2 3 T
Devils 20 15 10 45
Sound Tigers 9 16 16 41

GoalsPenalties
1st period
1. Devils , Zach Sanford 3 (Ryan Murphy 6, Marc Staal 2) at 0:26
2. Devils , Sean Kuraly 6 (Ryan Murphy 7, Cal Clutterbuck 4) at 9:30
Tyler Pitlick (BRP) for Roughing (Minor) at 15:19
Zach Bogosian (BRP) for Hooking (Minor) at 15:42
Carl Dahlstrom (BIN) for Cross-checking (Minor) at 18:22
2nd period
3. Sound Tigers , Alexander Khokhlachev 1 (Rourke Chartier 1, Nikita Soshnikov 1) at 7:03
4. Sound Tigers , Christian Wolanin 1 (Alexander Khokhlachev 1) at 12:07 (PP)
Eric Robinson (BIN) for Hooking (Minor) at 11:49
Zach Bogosian (BRP) for Holding (Minor) at 19:15
3rd period
5. Sound Tigers , Alexander Khokhlachev 2 (Ashton Sautner 3, Nikita Soshnikov 2) at 18:17 (PP)
6. Sound Tigers , Joel Armia 4 (Eric Staal 4) at 19:22 (Empty Net)
Ryan Murphy (BIN) for Hooking (Minor) at 10:26
Noel Hofenmayer (BIN) for High sticking (Minor) at 14:48
Kirill Maksimov (BIN) for Interference (Minor) at 17:27
Goalie Stats
Carey Price (BIN), 37 saves from 40 shots - (0,925), L, 5-2-0, 59:45 minutes
Brandon Bussi (BRP), 43 saves from 45 shots - (0,956), W, 3-0-0, 60:00 minutes
3 StarsOfficial
1 - Alexander Khokhlachev (BRP)
2 - Brandon Bussi (BRP)
3 - Sean Kuraly (BIN)
Referees : Wes McCauley and Dan O'Rourke
Linesman : Pierre Racicot and Mark Wheler
Game Note
Jimmy Schuldt is injured at 7:34 of 1st period (Torso)
Joel Armia has scored in a empty net!
Finance
Level 1 -- Attendance: 969 (48,45%) -- Ticket Income 62 985 $
Level 2 -- Attendance: 322 (32,20%) -- Ticket Income 16 100 $
Total Attendance: 1291 (43,03%)
Total Ticket Income: 79 085 $
Other Income: 15 817 $
Total Income: 94 902 $



Team Name Goals Shots Shots Attemp Shots Blocked PIM HIT PP PK FO%
Devils 24581510300 / 3 (0%)246%
Sound Tigers 4417666172 / 5 (40%)054%

Devils
Player Name POS G A P +/- PIM HIT SHT SB MP PP MP PP SHT PK MP PK SHT FO% FOT
Anthony BitettoD0000002120:121:1503:0500% 0
Cal ClutterbuckLW/RW0112066017:050:0000:000100% 1
Carl DahlstromD000-1250014:530:0000:4800% 0
Cole CasselsC000-1014011:590:0000:00067% 18
Doyle SomerbyD0000031020:321:1513:2500% 0
Eric RobinsonLW000-1221011:580:0000:0000% 2
Kirill MaksimovRW000020105:390:0000:0000% 0
Mackenzie MacEachernLW000000105:400:0000:0000% 0
Marc StaalD0111021125:423:0604:0000% 0
Noel HofenmayerD000-1201014:050:0000:0000% 0
Paul ByronC/LW/RW000-1025119:383:3502:13033% 24
Pavel GogolevLW0000001118:021:5912:19050% 2
Pierre-Édouard BellemarreC/LW/RW000-1021012:450:4600:0000% 2
Ryan MurphyD0221200124:333:0602:5200% 0
Samuel HoudeC000000005:400:0000:00033% 9
Sean KuralyC/LW1011058024:212:2204:48051% 43
Spencer FooRW0000025015:431:5900:00050% 4
Zach SanfordLW1011007024:232:2204:5000% 2
Sound Tigers
Player Name POS G A P +/- PIM HIT SHT SB MP PP MP PP SHT PK MP PK SHT FO% FOT
Alexander KhokhlachevC/LW/RW213101209:193:4410:00070% 10
Ashton SautnerD0111003025:373:4812:4100% 0
Brett RitchieRW000-1002013:150:0002:35250% 2
Christian WolaninD101-1003024:163:1731:4000% 0
Eric StaalC/LW0111002021:033:2100:52051% 43
Jesper FasthLW/RW0001041120:113:2100:00050% 2
Jimmy SchuldtD000000002:100:0000:0000% 0
Jimmy VeseyLW/RW000-1001015:390:0000:10067% 3
Joel ArmiaRW10110111120:113:2120:0000% 0
Lukas SedlakC/LW000-1000011:240:0000:4400% 1
Markus PhillipsD0001000316:060:0001:0900% 0
Nikita SoshnikovLW/RW022100109:193:4410:0000% 0
Rourke ChartierC011100006:380:0000:10050% 6
Ryan MacInnisC000-1002013:150:0002:35057% 21
Trevor Van RiemsdykD000-2014027:383:1732:4900% 0
Tyler PitlickC/RW0000215015:400:0000:00050% 18
Valentin ZykovLW/RW000-1034019:133:4420:000100% 1
Zach BogosianD0000460123:063:4800:2200% 0



Play-by-Play

1st period


0:01 of 1st period - Eric Staal wins face-off versus Sean Kuraly in neutral zone.
0:06 of 1st period - Icing by Zach Sanford.
0:07 of 1st period - Sean Kuraly wins face-off versus Tyler Pitlick in Devils zone.
0:26 of 1st period - Shot by Zach Sanford.
0:26 of 1st period - Goal by Zach Sanford - Devils : 1 - Sound Tigers : 0.
0:27 of 1st period - Paul Byron wins face-off versus Ryan MacInnis in neutral zone.
0:35 of 1st period - Shot by Spencer Foo.
0:35 of 1st period - Stopped by Brandon Bussi without a rebound.
0:36 of 1st period - Cole Cassels wins face-off versus Eric Staal in Sound Tigers zone.
0:39 of 1st period - Shot by Eric Robinson.
0:39 of 1st period - Shot Misses the Net.
0:41 of 1st period - Shot by Pierre-Édouard Bellemarre.
0:41 of 1st period - Stopped by Brandon Bussi without a rebound.
0:42 of 1st period - Alexander Khokhlachev wins face-off versus Samuel Houde in Sound Tigers zone.
1:16 of 1st period - Shot by Kirill Maksimov.
1:16 of 1st period - Stopped by Brandon Bussi without a rebound.
1:17 of 1st period - Paul Byron wins face-off versus Eric Staal in Sound Tigers zone.
1:21 of 1st period - Icing by Jimmy Schuldt.
1:22 of 1st period - Eric Staal wins face-off versus Paul Byron in Sound Tigers zone.
1:22 of 1st period - Eric Staal is hit by Paul Byron.
1:34 of 1st period - Shot by Joel Armia.
1:34 of 1st period - Stopped by Carey Price without a rebound.
1:35 of 1st period - Ryan MacInnis wins face-off versus Cole Cassels in Devils zone.
2:24 of 1st period - Off-side.
2:25 of 1st period - Sean Kuraly wins face-off versus Eric Staal in neutral zone.
2:28 of 1st period - Joel Armia is hit by Cal Clutterbuck and loses puck.
2:46 of 1st period - Icing by Marc Staal.
2:47 of 1st period - Tyler Pitlick wins face-off versus Sean Kuraly in Devils zone.
3:16 of 1st period - Shot by Valentin Zykov.
3:16 of 1st period - Shot Misses the Net.
3:24 of 1st period - Shot by Jimmy Vesey.
3:24 of 1st period - Stopped by Carey Price without a rebound.
3:25 of 1st period - Eric Staal wins face-off versus Paul Byron in Devils zone.
3:26 of 1st period - Shot by Joel Armia.
3:26 of 1st period - Stopped by Carey Price without a rebound.
3:27 of 1st period - Eric Staal wins face-off versus Paul Byron in Devils zone.
3:55 of 1st period - Joel Armia is hit by Doyle Somerby and loses puck.
4:08 of 1st period - Shot by Joel Armia.
4:08 of 1st period - Deflect By Eric Staal.
4:08 of 1st period - Shot Misses the Net.
4:30 of 1st period - Shot by Tyler Pitlick.
4:30 of 1st period - Stopped by Carey Price without a rebound.
4:31 of 1st period - Sean Kuraly wins face-off versus Ryan MacInnis in Devils zone.
4:36 of 1st period - Lukas Sedlak is hit by Sean Kuraly and loses puck.
4:43 of 1st period - Shot by Sean Kuraly.
4:43 of 1st period - Stopped by Brandon Bussi with a rebound.
4:45 of 1st period - Shot by Sean Kuraly.
4:45 of 1st period - Shot Misses the Net.
5:09 of 1st period - Shot by Cal Clutterbuck.
5:09 of 1st period - Deflect By Zach Sanford.
5:09 of 1st period - Stopped by Brandon Bussi without a rebound.
5:10 of 1st period - Cole Cassels wins face-off versus Tyler Pitlick in Sound Tigers zone.
5:24 of 1st period - Off-side.
5:25 of 1st period - Eric Staal wins face-off versus Samuel Houde in neutral zone.
5:35 of 1st period - Icing by Anthony Bitetto.
5:36 of 1st period - Samuel Houde wins face-off versus Tyler Pitlick in Devils zone.
5:36 of 1st period - Samuel Houde is hit by Tyler Pitlick.
6:10 of 1st period - Shot by Kirill Maksimov.
6:10 of 1st period - Shot Misses the Net.
7:04 of 1st period - Icing by Trevor Van Riemsdyk.
7:05 of 1st period - Sean Kuraly wins face-off versus Jimmy Vesey in Sound Tigers zone.
7:14 of 1st period - Shot by Sean Kuraly.
7:14 of 1st period - Shot Misses the Net.
7:16 of 1st period - Shot by Noel Hofenmayer.
7:16 of 1st period - Stopped by Brandon Bussi without a rebound.
7:17 of 1st period - Cole Cassels wins face-off versus Eric Staal in Sound Tigers zone.
7:26 of 1st period - Jimmy Schuldt is hit by Pierre-Édouard Bellemarre and loses puck.
7:33 of 1st period - Jimmy Schuldt is hit by Eric Robinson.
7:34 of 1st period - Jimmy Schuldt from Sound Tigers is injured at 7:34 of 1st period (Torso).
7:35 of 1st period - Rourke Chartier wins face-off versus Sean Kuraly in Sound Tigers zone.
7:35 of 1st period - Rourke Chartier is hit by Sean Kuraly.
7:57 of 1st period - Shot by Cal Clutterbuck.
7:57 of 1st period - Shot Misses the Net.
7:59 of 1st period - Shot by Sean Kuraly.
7:59 of 1st period - Stopped by Brandon Bussi with a rebound.
8:01 of 1st period - Shot by Sean Kuraly.
8:01 of 1st period - Stopped by Brandon Bussi with a rebound.
8:03 of 1st period - Shot by Carl Dahlstrom.
8:03 of 1st period - Shot Misses the Net.
8:12 of 1st period - Icing by Markus Phillips.
8:13 of 1st period - Paul Byron wins face-off versus Rourke Chartier in Sound Tigers zone.
8:21 of 1st period - Icing by Markus Phillips.
8:22 of 1st period - Cole Cassels wins face-off versus Rourke Chartier in Sound Tigers zone.
8:29 of 1st period - Shot by Cole Cassels.
8:29 of 1st period - Stopped by Brandon Bussi with a rebound.
8:35 of 1st period - Shot by Cole Cassels.
8:35 of 1st period - Stopped by Brandon Bussi without a rebound.
8:36 of 1st period - Eric Staal wins face-off versus Paul Byron in Sound Tigers zone.
8:43 of 1st period - Shot by Joel Armia.
8:43 of 1st period - Stopped by Carey Price without a rebound.
8:44 of 1st period - Sean Kuraly wins face-off versus Eric Staal in Devils zone.
8:54 of 1st period - Off-side.
8:55 of 1st period - Paul Byron wins face-off versus Ryan MacInnis in neutral zone.
8:58 of 1st period - Brett Ritchie is hit by Spencer Foo and loses puck.
9:08 of 1st period - Icing by Christian Wolanin.
9:09 of 1st period - Cal Clutterbuck wins face-off versus Ryan MacInnis in Sound Tigers zone.
9:30 of 1st period - Shot by Sean Kuraly.
9:30 of 1st period - Goal by Sean Kuraly - Devils : 2 - Sound Tigers : 0.
9:31 of 1st period - Paul Byron wins face-off versus Eric Staal in neutral zone.
9:51 of 1st period - Shot by Spencer Foo.
9:51 of 1st period - Shot Blocked by Joel Armia.
10:37 of 1st period - Shot by Cal Clutterbuck.
10:37 of 1st period - Stopped by Brandon Bussi without a rebound.
10:38 of 1st period - Cole Cassels wins face-off versus Tyler Pitlick in Sound Tigers zone.
11:07 of 1st period - Shot by Christian Wolanin.
11:07 of 1st period - Deflect By Valentin Zykov.
11:07 of 1st period - Shot Misses the Net.
11:09 of 1st period - Shot by Trevor Van Riemsdyk.
11:09 of 1st period - Shot Hit the Post.
11:11 of 1st period - Shot by Trevor Van Riemsdyk.
11:11 of 1st period - Shot Misses the Net.
11:13 of 1st period - Shot by Tyler Pitlick.
11:13 of 1st period - Stopped by Carey Price without a rebound.
11:14 of 1st period - Sean Kuraly wins face-off versus Ryan MacInnis in Devils zone.
11:40 of 1st period - Shot by Cal Clutterbuck.
11:40 of 1st period - Stopped by Brandon Bussi without a rebound.
11:41 of 1st period - Rourke Chartier wins face-off versus Paul Byron in Sound Tigers zone.
11:58 of 1st period - Shot by Spencer Foo.
11:58 of 1st period - Shot Misses the Net.
12:10 of 1st period - Shot by Paul Byron.
12:10 of 1st period - Stopped by Brandon Bussi without a rebound.
12:11 of 1st period - Sean Kuraly wins face-off versus Eric Staal in Sound Tigers zone.
12:33 of 1st period - Ryan Murphy is hit by Jesper Fasth and loses puck.
13:41 of 1st period - Icing by Noel Hofenmayer.
13:42 of 1st period - Cole Cassels wins face-off versus Ryan MacInnis in Devils zone.
14:17 of 1st period - Shot by Spencer Foo.
14:17 of 1st period - Shot Misses the Net.
14:19 of 1st period - Shot by Paul Byron.
14:19 of 1st period - Stopped by Brandon Bussi with a rebound.
14:21 of 1st period - Shot by Spencer Foo.
14:21 of 1st period - Shot Hit the Post.
14:24 of 1st period - Paul Byron is hit by Zach Bogosian and loses puck.
14:36 of 1st period - Shot by Spencer Foo.
14:36 of 1st period - Shot Misses the Net.
14:38 of 1st period - Shot by Anthony Bitetto.
14:38 of 1st period - Stopped by Brandon Bussi without a rebound.
14:39 of 1st period - Sean Kuraly wins face-off versus Eric Staal in Sound Tigers zone.
14:42 of 1st period - Shot by Sean Kuraly.
14:42 of 1st period - Stopped by Brandon Bussi without a rebound.
14:43 of 1st period - Sean Kuraly wins face-off versus Eric Staal in Sound Tigers zone.
15:00 of 1st period - Shot by Eric Staal.
15:00 of 1st period - Stopped by Carey Price without a rebound.
15:01 of 1st period - Samuel Houde wins face-off versus Tyler Pitlick in Devils zone.
15:19 of 1st period - Minor Penalty to Tyler Pitlick for Roughing.
15:20 of 1st period - Ryan MacInnis wins face-off versus Zach Sanford in Sound Tigers zone.
15:42 of 1st period - Minor Penalty to Zach Bogosian for Hooking.
15:43 of 1st period - Eric Staal wins face-off versus Paul Byron in Sound Tigers zone.
15:43 of 1st period - Trevor Van Riemsdyk is hit by Paul Byron and loses puck.
15:58 of 1st period - Shot by Anthony Bitetto.
15:58 of 1st period - Shot Misses the Net.
16:16 of 1st period - Shot by Doyle Somerby.
16:16 of 1st period - Stopped by Brandon Bussi with a rebound.
16:57 of 1st period - Shot by Zach Sanford.
16:57 of 1st period - Shot Blocked by Markus Phillips.
17:24 of 1st period - Shot by Pavel Gogolev.
17:24 of 1st period - Stopped by Brandon Bussi with a rebound.
17:26 of 1st period - Shot by Doyle Somerby.
17:26 of 1st period - Shot Misses the Net.
17:28 of 1st period - Shot by Spencer Foo.
17:28 of 1st period - Shot Misses the Net.
17:46 of 1st period - Icing by Zach Bogosian.
17:47 of 1st period - Tyler Pitlick wins face-off versus Samuel Houde in Sound Tigers zone.
18:21 of 1st period - Ashton Sautner is hit by Carl Dahlstrom.
18:22 of 1st period - Minor Penalty to Carl Dahlstrom for Cross-checking.
18:23 of 1st period - Eric Staal wins face-off versus Sean Kuraly in Devils zone.
18:24 of 1st period - Shot by Joel Armia.
18:24 of 1st period - Shot Misses the Net.
18:26 of 1st period - Shot by Jesper Fasth.
18:26 of 1st period - Shot Blocked by Ryan Murphy.
18:28 of 1st period - Shot by Trevor Van Riemsdyk.
18:28 of 1st period - Shot Misses the Net.
18:30 of 1st period - Shot by Eric Staal.
18:30 of 1st period - Shot Misses the Net.
18:32 of 1st period - Shot by Joel Armia.
18:32 of 1st period - Shot Misses the Net.
18:34 of 1st period - Shot by Christian Wolanin.
18:34 of 1st period - Stopped by Carey Price without a rebound.
18:35 of 1st period - Sean Kuraly wins face-off versus Eric Staal in Devils zone.
19:04 of 1st period - Shot by Christian Wolanin.
19:04 of 1st period - Shot Misses the Net.
19:27 of 1st period - Off-side.
19:28 of 1st period - Alexander Khokhlachev wins face-off versus Sean Kuraly in neutral zone.
19:39 of 1st period - Shot by Nikita Soshnikov.
19:39 of 1st period - Shot Blocked by Marc Staal.
19:41 of 1st period - Shot by Valentin Zykov.
19:41 of 1st period - Stopped by Carey Price without a rebound.
19:42 of 1st period - Sean Kuraly wins face-off versus Alexander Khokhlachev in Devils zone.
Goals for this period are 2 for Devils vs 0 for Sound Tigers.
Shots for this period are 20 for Devils vs 9 for Sound Tigers.

2nd period


0:01 of 2nd period - Eric Staal wins face-off versus Sean Kuraly in neutral zone.
0:06 of 2nd period - Shot by Zach Bogosian.
0:06 of 2nd period - Shot Misses the Net.
0:08 of 2nd period - Shot by Ashton Sautner.
0:08 of 2nd period - Shot Misses the Net.
0:10 of 2nd period - Shot by Ashton Sautner.
0:10 of 2nd period - Stopped by Carey Price with a rebound.
0:37 of 2nd period - Shot by Spencer Foo.
0:37 of 2nd period - Stopped by Brandon Bussi without a rebound.
0:38 of 2nd period - Cole Cassels wins face-off versus Ryan MacInnis in Sound Tigers zone.
0:55 of 2nd period - Shot by Ryan MacInnis.
0:55 of 2nd period - Stopped by Carey Price without a rebound.
0:56 of 2nd period - Sean Kuraly wins face-off versus Eric Staal in Devils zone.
1:05 of 2nd period - Shot by Zach Sanford.
1:05 of 2nd period - Shot Misses the Net.
1:09 of 2nd period - Shot by Zach Sanford.
1:09 of 2nd period - Stopped by Brandon Bussi without a rebound.
1:10 of 2nd period - Tyler Pitlick wins face-off versus Paul Byron in Sound Tigers zone.
1:46 of 2nd period - Paul Byron is hit by Zach Bogosian and loses puck.
1:51 of 2nd period - Shot by Spencer Foo.
1:51 of 2nd period - Stopped by Brandon Bussi without a rebound.
1:52 of 2nd period - Eric Staal wins face-off versus Sean Kuraly in Sound Tigers zone.
2:04 of 2nd period - Shot by Sean Kuraly.
2:04 of 2nd period - Stopped by Brandon Bussi without a rebound.
2:05 of 2nd period - Ryan MacInnis wins face-off versus Cole Cassels in Sound Tigers zone.
2:05 of 2nd period - Ryan MacInnis is hit by Pierre-Édouard Bellemarre.
2:30 of 2nd period - Shot by Trevor Van Riemsdyk.
2:30 of 2nd period - Stopped by Carey Price without a rebound.
2:31 of 2nd period - Sean Kuraly wins face-off versus Eric Staal in Devils zone.
2:31 of 2nd period - Sean Kuraly is hit by Jesper Fasth.
2:38 of 2nd period - Shot by Sean Kuraly.
2:38 of 2nd period - Shot Misses the Net.
2:40 of 2nd period - Shot by Cal Clutterbuck.
2:40 of 2nd period - Shot Blocked by Jesper Fasth.
2:59 of 2nd period - Icing by Ashton Sautner.
3:00 of 2nd period - Eric Staal wins face-off versus Paul Byron in Sound Tigers zone.
3:05 of 2nd period - Shot by Jesper Fasth.
3:05 of 2nd period - Stopped by Carey Price without a rebound.
3:06 of 2nd period - Jimmy Vesey wins face-off versus Spencer Foo in Devils zone.
3:19 of 2nd period - Shot by Valentin Zykov.
3:19 of 2nd period - Stopped by Carey Price without a rebound.
3:20 of 2nd period - Eric Staal wins face-off versus Sean Kuraly in Devils zone.
4:01 of 2nd period - Shot by Sean Kuraly.
4:01 of 2nd period - Stopped by Brandon Bussi with a rebound.
4:31 of 2nd period - Shot by Spencer Foo.
4:31 of 2nd period - Shot Blocked by Markus Phillips.
4:33 of 2nd period - Shot by Paul Byron.
4:33 of 2nd period - Stopped by Brandon Bussi without a rebound.
4:34 of 2nd period - Cole Cassels wins face-off versus Lukas Sedlak in Sound Tigers zone.
4:34 of 2nd period - Cole Cassels is hit by Zach Bogosian.
4:44 of 2nd period - Shot by Eric Robinson.
4:44 of 2nd period - Shot Misses the Net.
4:56 of 2nd period - Shot by Brett Ritchie.
4:56 of 2nd period - Shot Misses the Net.
4:58 of 2nd period - Shot by Ryan MacInnis.
4:58 of 2nd period - Stopped by Carey Price with a rebound.
5:00 of 2nd period - Shot by Ashton Sautner.
5:00 of 2nd period - Stopped by Carey Price without a rebound.
5:01 of 2nd period - Jimmy Vesey wins face-off versus Paul Byron in Devils zone.
5:01 of 2nd period - Christian Wolanin is hit by Doyle Somerby and loses puck.
6:06 of 2nd period - Shot by Sean Kuraly.
6:06 of 2nd period - Stopped by Brandon Bussi without a rebound.
6:07 of 2nd period - Eric Staal wins face-off versus Cole Cassels in Sound Tigers zone.
6:12 of 2nd period - Joel Armia is hit by Carl Dahlstrom and loses puck.
6:28 of 2nd period - Eric Staal is hit by Carl Dahlstrom and loses puck.
7:03 of 2nd period - Shot by Alexander Khokhlachev.
7:03 of 2nd period - Goal by Alexander Khokhlachev - Devils : 2 - Sound Tigers : 1.
7:04 of 2nd period - Ryan MacInnis wins face-off versus Sean Kuraly in neutral zone.
7:04 of 2nd period - Brett Ritchie is hit by Cal Clutterbuck and loses puck.
7:15 of 2nd period - Shot by Cal Clutterbuck.
7:15 of 2nd period - Stopped by Brandon Bussi with a rebound.
7:17 of 2nd period - Shot by Sean Kuraly.
7:17 of 2nd period - Shot Misses the Net.
7:19 of 2nd period - Shot by Cal Clutterbuck.
7:19 of 2nd period - Stopped by Brandon Bussi with a rebound.
7:24 of 2nd period - Sean Kuraly is hit by Zach Bogosian and loses puck.
7:34 of 2nd period - Zach Sanford is hit by Zach Bogosian and loses puck.
8:13 of 2nd period - Alexander Khokhlachev is hit by Spencer Foo and loses puck.
9:10 of 2nd period - Shot by Joel Armia.
9:10 of 2nd period - Stopped by Carey Price with a rebound.
9:29 of 2nd period - Icing by Ashton Sautner.
9:30 of 2nd period - Jesper Fasth wins face-off versus Sean Kuraly in Sound Tigers zone.
9:30 of 2nd period - Jesper Fasth is hit by Cal Clutterbuck.
9:44 of 2nd period - Icing by Sean Kuraly.
9:45 of 2nd period - Tyler Pitlick wins face-off versus Sean Kuraly in Devils zone.
10:43 of 2nd period - Ryan MacInnis is hit by Marc Staal.
10:50 of 2nd period - Icing by Ryan Murphy.
10:51 of 2nd period - Sean Kuraly wins face-off versus Eric Staal in Devils zone.
10:51 of 2nd period - Sean Kuraly is hit by Joel Armia.
11:25 of 2nd period - Shot by Spencer Foo.
11:25 of 2nd period - Stopped by Brandon Bussi with a rebound.
11:40 of 2nd period - Shot by Paul Byron.
11:40 of 2nd period - Shot Blocked by Zach Bogosian.
11:49 of 2nd period - Minor Penalty to Eric Robinson for Hooking.
11:50 of 2nd period - Alexander Khokhlachev wins face-off versus Sean Kuraly in Devils zone.
12:05 of 2nd period - Shot by Trevor Van Riemsdyk.
12:05 of 2nd period - Stopped by Carey Price without a rebound.
12:06 of 2nd period - Alexander Khokhlachev wins face-off versus Pavel Gogolev in Devils zone.
12:07 of 2nd period - Shot by Christian Wolanin.
12:07 of 2nd period - Goal by Christian Wolanin - Devils : 2 - Sound Tigers : 2.
12:08 of 2nd period - Tyler Pitlick wins face-off versus Cole Cassels in neutral zone.
13:17 of 2nd period - Icing by Spencer Foo.
13:18 of 2nd period - Eric Staal wins face-off versus Spencer Foo in Devils zone.
14:25 of 2nd period - Markus Phillips is hit by Sean Kuraly and loses puck.
15:07 of 2nd period - Off-side.
15:08 of 2nd period - Tyler Pitlick wins face-off versus Pierre-Édouard Bellemarre in neutral zone.
15:11 of 2nd period - Eric Robinson is hit by Valentin Zykov.
15:33 of 2nd period - Shot by Jimmy Vesey.
15:33 of 2nd period - Shot Misses the Net.
15:35 of 2nd period - Shot by Valentin Zykov.
15:35 of 2nd period - Stopped by Carey Price with a rebound.
15:37 of 2nd period - Shot by Tyler Pitlick.
15:37 of 2nd period - Stopped by Carey Price with a rebound.
15:39 of 2nd period - Shot by Ashton Sautner.
15:39 of 2nd period - Shot Misses the Net.
15:41 of 2nd period - Shot by Ashton Sautner.
15:41 of 2nd period - Shot Misses the Net.
15:57 of 2nd period - Joel Armia is hit by Cole Cassels.
15:58 of 2nd period - Icing by Joel Armia.
15:59 of 2nd period - Eric Staal wins face-off versus Paul Byron in Sound Tigers zone.
16:30 of 2nd period - Shot by Jesper Fasth.
16:30 of 2nd period - Shot Misses the Net.
16:46 of 2nd period - Shot by Lukas Sedlak.
16:46 of 2nd period - Shot Misses the Net.
16:50 of 2nd period - Shot by Brett Ritchie.
16:50 of 2nd period - Shot Misses the Net.
16:52 of 2nd period - Shot by Ryan MacInnis.
16:52 of 2nd period - Shot Misses the Net.
16:54 of 2nd period - Shot by Lukas Sedlak.
16:54 of 2nd period - Shot Misses the Net.
16:56 of 2nd period - Shot by Ashton Sautner.
16:56 of 2nd period - Stopped by Carey Price without a rebound.
16:57 of 2nd period - Sean Kuraly wins face-off versus Tyler Pitlick in Devils zone.
16:57 of 2nd period - Sean Kuraly is hit by Valentin Zykov.
17:21 of 2nd period - Shot by Cal Clutterbuck.
17:21 of 2nd period - Stopped by Brandon Bussi with a rebound.
17:23 of 2nd period - Shot by Anthony Bitetto.
17:23 of 2nd period - Shot Misses the Net.
17:25 of 2nd period - Shot by Zach Sanford.
17:25 of 2nd period - Stopped by Brandon Bussi with a rebound.
17:27 of 2nd period - Shot by Anthony Bitetto.
17:27 of 2nd period - Shot Misses the Net.
17:29 of 2nd period - Shot by Zach Sanford.
17:29 of 2nd period - Stopped by Brandon Bussi without a rebound.
17:30 of 2nd period - Eric Staal wins face-off versus Samuel Houde in Sound Tigers zone.
17:35 of 2nd period - Shot by Eric Staal.
17:35 of 2nd period - Stopped by Carey Price with a rebound.
17:37 of 2nd period - Shot by Joel Armia.
17:37 of 2nd period - Stopped by Carey Price without a rebound.
17:38 of 2nd period - Eric Staal wins face-off versus Cole Cassels in Devils zone.
17:49 of 2nd period - Shot by Cole Cassels.
17:49 of 2nd period - Shot Misses the Net.
17:51 of 2nd period - Shot by Marc Staal.
17:51 of 2nd period - Stopped by Brandon Bussi with a rebound.
17:59 of 2nd period - Shot by Cole Cassels.
17:59 of 2nd period - Stopped by Brandon Bussi without a rebound.
18:00 of 2nd period - Tyler Pitlick wins face-off versus Sean Kuraly in Sound Tigers zone.
18:00 of 2nd period - Tyler Pitlick is hit by Cal Clutterbuck.
18:10 of 2nd period - Shot by Cal Clutterbuck.
18:10 of 2nd period - Shot Misses the Net.
18:51 of 2nd period - Zach Bogosian is hit by Cal Clutterbuck and loses puck.
19:15 of 2nd period - Minor Penalty to Zach Bogosian for Holding.
19:16 of 2nd period - Ryan MacInnis wins face-off versus Paul Byron in Sound Tigers zone.
19:22 of 2nd period - Icing by Paul Byron.
19:23 of 2nd period - Ryan MacInnis wins face-off versus Paul Byron in Devils zone.
19:33 of 2nd period - Icing by Ryan Murphy.
19:34 of 2nd period - Ryan MacInnis wins face-off versus Paul Byron in Devils zone.
Goals for this period are 0 for Devils vs 2 for Sound Tigers.
Shots for this period are 15 for Devils vs 16 for Sound Tigers.

3rd period


0:01 of 3rd period - Ryan MacInnis wins face-off versus Zach Sanford in neutral zone.
0:06 of 3rd period - Shot by Brett Ritchie.
0:06 of 3rd period - Deflect By Ryan MacInnis.
0:06 of 3rd period - Shot Blocked by Paul Byron.
0:08 of 3rd period - Shot by Trevor Van Riemsdyk.
0:08 of 3rd period - Shot Misses the Net.
0:14 of 3rd period - Shot by Brett Ritchie.
0:14 of 3rd period - Stopped by Carey Price without a rebound.
0:15 of 3rd period - Ryan MacInnis wins face-off versus Paul Byron in Devils zone.
0:16 of 3rd period - Shot by Brett Ritchie.
0:16 of 3rd period - Stopped by Carey Price without a rebound.
0:17 of 3rd period - Brett Ritchie wins face-off versus Sean Kuraly in Devils zone.
1:48 of 3rd period - Icing by Eric Staal.
1:49 of 3rd period - Cole Cassels wins face-off versus Eric Staal in Sound Tigers zone.
1:54 of 3rd period - Shot by Eric Robinson.
1:54 of 3rd period - Stopped by Brandon Bussi with a rebound.
2:02 of 3rd period - Shot by Cole Cassels.
2:02 of 3rd period - Stopped by Brandon Bussi without a rebound.
2:03 of 3rd period - Cole Cassels wins face-off versus Tyler Pitlick in Sound Tigers zone.
2:10 of 3rd period - Pierre-Édouard Bellemarre is hit by Valentin Zykov and loses puck.
2:37 of 3rd period - Icing by Trevor Van Riemsdyk.
2:38 of 3rd period - Valentin Zykov wins face-off versus Sean Kuraly in Sound Tigers zone.
3:28 of 3rd period - Shot by Markus Phillips.
3:28 of 3rd period - Shot Misses the Net.
3:30 of 3rd period - Shot by Jesper Fasth.
3:30 of 3rd period - Deflect By Joel Armia.
3:30 of 3rd period - Stopped by Carey Price without a rebound.
3:31 of 3rd period - Ryan MacInnis wins face-off versus Paul Byron in Devils zone.
3:48 of 3rd period - Shot by Paul Byron.
3:48 of 3rd period - Deflect By Pavel Gogolev.
3:48 of 3rd period - Shot Blocked by Markus Phillips.
3:50 of 3rd period - Shot by Paul Byron.
3:50 of 3rd period - Stopped by Brandon Bussi with a rebound.
3:52 of 3rd period - Shot by Anthony Bitetto.
3:52 of 3rd period - Stopped by Brandon Bussi with a rebound.
4:18 of 3rd period - Icing by Markus Phillips.
4:19 of 3rd period - Samuel Houde wins face-off versus Ryan MacInnis in Sound Tigers zone.
4:20 of 3rd period - Shot by Mackenzie MacEachern.
4:20 of 3rd period - Shot Misses the Net.
4:22 of 3rd period - Shot by Samuel Houde.
4:22 of 3rd period - Shot Misses the Net.
4:24 of 3rd period - Shot by Carl Dahlstrom.
4:24 of 3rd period - Shot Misses the Net.
4:26 of 3rd period - Shot by Carl Dahlstrom.
4:26 of 3rd period - Shot Misses the Net.
4:56 of 3rd period - Shot by Mackenzie MacEachern.
4:56 of 3rd period - Stopped by Brandon Bussi with a rebound.
5:18 of 3rd period - Shot by Cal Clutterbuck.
5:18 of 3rd period - Shot Misses the Net.
5:32 of 3rd period - Shot by Zach Sanford.
5:32 of 3rd period - Stopped by Brandon Bussi without a rebound.
5:33 of 3rd period - Paul Byron wins face-off versus Eric Staal in Sound Tigers zone.
5:48 of 3rd period - Shot by Joel Armia.
5:48 of 3rd period - Stopped by Carey Price without a rebound.
5:49 of 3rd period - Tyler Pitlick wins face-off versus Eric Robinson in Devils zone.
6:13 of 3rd period - Shot by Tyler Pitlick.
6:13 of 3rd period - Stopped by Carey Price with a rebound.
6:15 of 3rd period - Shot by Zach Bogosian.
6:15 of 3rd period - Shot Hit the Post.
6:25 of 3rd period - Shot by Cole Cassels.
6:25 of 3rd period - Shot Misses the Net.
6:30 of 3rd period - Icing by Valentin Zykov.
6:31 of 3rd period - Tyler Pitlick wins face-off versus Sean Kuraly in Sound Tigers zone.
6:31 of 3rd period - Tyler Pitlick is hit by Cal Clutterbuck.
7:43 of 3rd period - Paul Byron is hit by Trevor Van Riemsdyk and loses puck.
7:46 of 3rd period - Shot by Paul Byron.
7:46 of 3rd period - Stopped by Brandon Bussi without a rebound.
7:47 of 3rd period - Cole Cassels wins face-off versus Rourke Chartier in Sound Tigers zone.
8:20 of 3rd period - Shot by Pierre-Édouard Bellemarre.
8:20 of 3rd period - Shot Misses the Net.
8:36 of 3rd period - Ryan Murphy is hit by Alexander Khokhlachev and loses puck.
8:52 of 3rd period - Off-side.
8:53 of 3rd period - Sean Kuraly wins face-off versus Eric Staal in neutral zone.
9:00 of 3rd period - Cal Clutterbuck is hit by Zach Bogosian and loses puck.
9:05 of 3rd period - Shot by Zach Sanford.
9:05 of 3rd period - Stopped by Brandon Bussi without a rebound.
9:06 of 3rd period - Spencer Foo wins face-off versus Tyler Pitlick in Sound Tigers zone.
9:11 of 3rd period - Shot by Pavel Gogolev.
9:11 of 3rd period - Shot Misses the Net.
9:23 of 3rd period - Shot by Jimmy Vesey.
9:23 of 3rd period - Deflect By Tyler Pitlick.
9:23 of 3rd period - Stopped by Carey Price without a rebound.
9:24 of 3rd period - Sean Kuraly wins face-off versus Eric Staal in Devils zone.
9:45 of 3rd period - Shot by Sean Kuraly.
9:45 of 3rd period - Deflect By Cal Clutterbuck.
9:45 of 3rd period - Stopped by Brandon Bussi without a rebound.
9:46 of 3rd period - Spencer Foo wins face-off versus Brett Ritchie in Sound Tigers zone.
9:56 of 3rd period - Shot by Spencer Foo.
9:56 of 3rd period - Stopped by Brandon Bussi without a rebound.
9:57 of 3rd period - Eric Staal wins face-off versus Sean Kuraly in Sound Tigers zone.
9:57 of 3rd period - Trevor Van Riemsdyk is hit by Sean Kuraly and loses puck.
10:18 of 3rd period - Marc Staal is hit by Jesper Fasth and loses puck.
10:26 of 3rd period - Minor Penalty to Ryan Murphy for Hooking.
10:27 of 3rd period - Alexander Khokhlachev wins face-off versus Sean Kuraly in Devils zone.
10:47 of 3rd period - Shot by Valentin Zykov.
10:47 of 3rd period - Stopped by Carey Price without a rebound.
10:48 of 3rd period - Sean Kuraly wins face-off versus Eric Staal in Devils zone.
11:03 of 3rd period - Shot by Joel Armia.
11:03 of 3rd period - Shot Blocked by Pavel Gogolev.
11:13 of 3rd period - Carl Dahlstrom is hit by Jesper Fasth and loses puck.
11:26 of 3rd period - Shot by Jesper Fasth.
11:26 of 3rd period - Shot Misses the Net.
11:52 of 3rd period - Shot by Nikita Soshnikov.
11:52 of 3rd period - Shot Blocked by Anthony Bitetto.
11:54 of 3rd period - Shot by Christian Wolanin.
11:54 of 3rd period - Stopped by Carey Price without a rebound.
11:55 of 3rd period - Pavel Gogolev wins face-off versus Alexander Khokhlachev in Devils zone.
12:16 of 3rd period - Shot by Trevor Van Riemsdyk.
12:16 of 3rd period - Stopped by Carey Price without a rebound.
12:17 of 3rd period - Sean Kuraly wins face-off versus Jesper Fasth in Devils zone.
12:35 of 3rd period - Icing by Lukas Sedlak.
12:36 of 3rd period - Cole Cassels wins face-off versus Ryan MacInnis in Sound Tigers zone.
12:54 of 3rd period - Icing by Anthony Bitetto.
12:55 of 3rd period - Eric Staal wins face-off versus Pierre-Édouard Bellemarre in Devils zone.
13:28 of 3rd period - Trevor Van Riemsdyk is hit by Eric Robinson and loses puck.
13:47 of 3rd period - Shot by Sean Kuraly.
13:47 of 3rd period - Shot Misses the Net.
14:04 of 3rd period - Valentin Zykov is hit by Marc Staal and loses puck.
14:33 of 3rd period - Shot by Tyler Pitlick.
14:33 of 3rd period - Shot Misses the Net.
14:48 of 3rd period - Minor Penalty to Noel Hofenmayer for High sticking.
14:49 of 3rd period - Sean Kuraly wins face-off versus Alexander Khokhlachev in Devils zone.
14:57 of 3rd period - Zach Bogosian is hit by Sean Kuraly and loses puck.
15:07 of 3rd period - Shot by Ashton Sautner.
15:07 of 3rd period - Shot Misses the Net.
15:10 of 3rd period - Valentin Zykov is hit by Doyle Somerby and loses puck.
15:15 of 3rd period - Shot by Nikita Soshnikov.
15:15 of 3rd period - Stopped by Carey Price without a rebound.
15:16 of 3rd period - Paul Byron wins face-off versus Eric Staal in Devils zone.
15:36 of 3rd period - Shot by Eric Staal.
15:36 of 3rd period - Deflect By Joel Armia.
15:36 of 3rd period - Stopped by Carey Price without a rebound.
15:37 of 3rd period - Alexander Khokhlachev wins face-off versus Paul Byron in Devils zone.
16:06 of 3rd period - Shot by Zach Bogosian.
16:06 of 3rd period - Shot Misses the Net.
16:45 of 3rd period - Shot by Trevor Van Riemsdyk.
16:45 of 3rd period - Stopped by Carey Price with a rebound.
16:52 of 3rd period - Icing by Noel Hofenmayer.
16:53 of 3rd period - Ryan MacInnis wins face-off versus Samuel Houde in Devils zone.
16:53 of 3rd period - Brett Ritchie is hit by Carl Dahlstrom and loses puck.
17:05 of 3rd period - Ryan MacInnis is hit by Carl Dahlstrom.
17:12 of 3rd period - Icing by Carl Dahlstrom.
17:13 of 3rd period - Rourke Chartier wins face-off versus Samuel Houde in Devils zone.
17:27 of 3rd period - Minor Penalty to Kirill Maksimov for Interference.
17:28 of 3rd period - Eric Staal wins face-off versus Sean Kuraly in Devils zone.
17:29 of 3rd period - Shot by Joel Armia.
17:29 of 3rd period - Stopped by Carey Price without a rebound.
17:30 of 3rd period - Sean Kuraly wins face-off versus Eric Staal in Devils zone.
17:42 of 3rd period - Off-side.
17:43 of 3rd period - Alexander Khokhlachev wins face-off versus Sean Kuraly in neutral zone.
18:13 of 3rd period - Shot by Ashton Sautner.
18:13 of 3rd period - Shot Misses the Net.
18:15 of 3rd period - Shot by Alexander Khokhlachev.
18:15 of 3rd period - Shot Hit the Post.
18:17 of 3rd period - Shot by Alexander Khokhlachev.
18:17 of 3rd period - Goal by Alexander Khokhlachev - Devils : 2 - Sound Tigers : 3.
18:18 of 3rd period - Paul Byron wins face-off versus Eric Staal in neutral zone.
18:35 of 3rd period - Shot by Joel Armia.
18:35 of 3rd period - Stopped by Carey Price without a rebound.
18:36 of 3rd period - Ryan MacInnis wins face-off versus Eric Robinson in Devils zone.
18:57 of 3rd period - Icing by Noel Hofenmayer.
18:58 of 3rd period - Eric Staal wins face-off versus Cole Cassels in Devils zone.
19:07 of 3rd period - Devils, Carey Price is pulled from the net.
19:16 of 3rd period - Icing by Ashton Sautner.
19:17 of 3rd period - Eric Staal wins face-off versus Sean Kuraly in Sound Tigers zone.
19:22 of 3rd period - Shot by Joel Armia.
19:22 of 3rd period - Goal by Joel Armia - Devils : 2 - Sound Tigers : 4.
19:22 of 3rd period - Carey Price from Devils was sent back in the game.
19:23 of 3rd period - Sean Kuraly wins face-off versus Tyler Pitlick in neutral zone.
Goals for this period are 0 for Devils vs 2 for Sound Tigers.
Shots for this period are 10 for Devils vs 16 for Sound Tigers.